 Dungeon Crawl Stone Soup version 0.30.0-10-gfe55d96785 (webtiles) character file.

Game seed: 7301622921150398363

56228 Chodeload the Warrior (level 14, -9/91 HPs)
             Began as a Vine Stalker Wanderer on May 15, 2023.
             Was an Elder of Ashenzari.
             Mangled by a skyshark (21 damage)
             ... on level 5 of the Lair of Beasts.
             The game lasted 00:58:51 (12392 turns).

Chodeload the Warrior (Vine Stalker Wanderer)      Turns: 12392, Time: 00:58:52

Health: -9/91      AC: 17    Str: 16    XL:     14   Next: 80%
Magic:  0/30       EV: 13    Int: 17    God:    Ashenzari [****..]
Gold:   704        SH:  0    Dex: 10    Spells: 17/21 levels left

rFire   + + +        a - +5 woodcutter's axe
rCold   + . .        (shield currently unavailable)
rNeg    . . .        P - +5 ring mail "All-seeing Seeker" {rPois rF+++ Str+2 Dex-5, Melee, Cun} (curse)
rPois   +            s - +0 hat of the Wild Blue Yonder {Cun, Alch} (curse)
rElec   .            B - +0 cloak "Chained Together" {Melee, Fort} (curse)
rCorr   .            n - +2 pair of gloves of the Eternal Pantheism {Comp, Melee} (curse)
SInv    +            u - +0 pair of boots of the Unyielding Gaze {Melee, Elem} (curse)
Will    +....        (no amulet)
Stlth   +            U - ring of magical power
HPRegen 1.15/turn    L - ring "At What Cost Knowledge?" {rC+, Self, Melee} (curse)
MPRegen 0.22/turn

%: clarity, guardian spirit
@: no status effects
A: fangs 3, regeneration 1, magic shield, antimagic bite, no potion heal 2
a: Renounce Religion, Curse Item, Shatter the Chains


You were on level 5 of the Lair of Beasts.
You worshipped Ashenzari.
Ashenzari was greatly pleased with you.
You visited 3 branches of the dungeon, and saw 17 of its levels.
You also visited: Volcano.

You collected 1088 gold pieces.
You spent 384 gold pieces at shops.

Inventory:

Hand Weapons
 a - the +5 woodcutter's axe (weapon)
   (You found it on level 6 of the Dungeon)
 b - the +3 hand crossbow of Qial Qei {antimagic, Str+4}
   (You found it on level 4 of the Lair of Beasts)

   Str:       It affects your strength (+4).
 c - a +1 battleaxe of flaming
 d - a +1 heavy broad axe
Missiles
 f - 12 javelins (quivered)
 g - 6 poisoned darts
 j - 3 curare-tipped darts
 H - a datura-tipped dart
Armour
 n - the cursed +2 pair of gloves of the Eternal Pantheism (worn) {Comp, Melee}
   (You found it on level 2 of the Dungeon)

   It has a curse which improves the following skills: Companions: Summonings
   and Necromancy.
   Melee Combat: Short Blades, Long Blades, Axes, Maces & Flails, Polearms,
   Staves and Unarmed Combat.
 s - the cursed +0 hat of the Wild Blue Yonder (worn) {Cun, Alch}
   (You found it on level 3 of the Dungeon)

   It has a curse which improves the following skills: Cunning: Dodging and
   Stealth.
   Alchemy:   Poison Magic and Transmutations.
 u - the cursed +0 pair of boots of the Unyielding Gaze (worn) {Melee, Elem}
   (You found it on level 3 of the Dungeon)

   It has a curse which improves the following skills: Melee Combat: Short
   Blades, Long Blades, Axes, Maces & Flails, Polearms, Staves and Unarmed
   Combat.
   Elements:  Fire Magic, Ice Magic, Air Magic and Earth Magic.
 B - the cursed +0 cloak "Chained Together" (worn) {Melee, Fort}
   (You found it on level 9 of the Dungeon)

   It has a curse which improves the following skills: Melee Combat: Short
   Blades, Long Blades, Axes, Maces & Flails, Polearms, Staves and Unarmed
   Combat.
   Fortitude: Armour and Shields.
 C - the +18 shield of the Gong {Loud rN+ Will+ rCorr EV-5}
   (You found it on level 7 of the Dungeon)

   Loud:      It is deafeningly noisy when blocking attacks.
   EV:        It affects your evasion (-5).
   rN:        It protects you from negative energy.
   rCorr:     It protects you from acid and corrosion.
   Will:      It increases your willpower.
 P - the cursed +5 ring mail "All-seeing Seeker" (worn) {rPois rF+++ Str+2 Dex-5, Melee, Cun}
   (You bought it in a shop on level 5 of the Dungeon)

   Str:       It affects your strength (+2).
   Dex:       It affects your dexterity (-5).
   rF:        It renders you almost immune to fire.
   rPois:     It protects you from poison.
   It has a curse which improves the following skills: Melee Combat: Short
   Blades, Long Blades, Axes, Maces & Flails, Polearms, Staves and Unarmed
   Combat.
   Cunning:   Dodging and Stealth.
Jewellery
 L - the cursed ring "At What Cost Knowledge?" (right hand) {rC+, Self, Melee}
   (You found it on level 9 of the Dungeon)

   [ring of protection from cold]

   rC:        It protects you from cold.
   It has a curse which improves the following skills: Introspection: Fighting
   and Spellcasting.
   Melee Combat: Short Blades, Long Blades, Axes, Maces & Flails, Polearms,
   Staves and Unarmed Combat.
 M - a ring of flight
 U - a ring of magical power (left hand)
 W - a ring of protection from cold
Wands
 r - a wand of iceblast (4)
 D - a wand of polymorph (4)
 I - a wand of charming (28)
Scrolls
 h - 2 scrolls of amnesia
 i - 8 scrolls of teleportation
 k - 5 scrolls of enchant armour
 m - 3 scrolls of brand weapon
 o - 3 scrolls of immolation
 p - 5 scrolls of enchant weapon
 w - 5 scrolls of noise
 y - a scroll of magic mapping
 z - 6 scrolls of fog
 F - 3 scrolls of silence
 G - 2 scrolls of blinking
 O - a scroll of summoning
 X - a scroll of fear
Potions
 e - a potion of haste
 l - 11 potions of curing
 q - 6 potions of invisibility
 t - 2 potions of brilliance
 v - a potion of resistance
 x - a potion of lignification
 A - a potion of might
 E - 2 potions of flight
 J - 5 potions of mutation
 K - a potion of berserk rage
 N - a potion of magic
 R - 4 potions of ambrosia
Miscellaneous
 S - a condenser vane
 T - a box of beasts


   Skills:
 + Level 17.1(18.8) Fighting
 - Level 12.8(18.0) Axes
 - Level 4.0(11.7) Polearms
 + Level 5.0(6.8) Armour
 + Level 5.0(7.6) Dodging
 - Level 5.0(6.7) Shields
 - Level 2.6(4.2) Spellcasting
 - Level 1.2 Conjurations
 - Level 1.0 Hexes
 - Level 5.6(7.5) Earth Magic
 - Level 5.0 Evocations


You had 17 spell levels left.
You knew the following spells:

 Your Spells              Type           Power      Damage    Failure   Level
a - Sandblast             Erth           58%        2d13      1%          1
b - Stone Arrow           Conj/Erth      36%        3d9       13%         3

Your spell library contained the following spells:

 Spells                   Type           Power      Damage    Failure   Level
 Slow                     Hex            28%        N/A       19%         1
 Kiss of Death            Conj/Necr      24%        2d7       21%         1
 Summon Small Mammal      Summ           16%        N/A       24%         1
 Ensorcelled Hibernation  Hex/Ice        10%        N/A       32%         2
 Poisonous Vapours        Pois/Air       8%         N/A       36%         2
 Lesser Beckoning         Tloc           6%         N/A       38%         2
 Leda's Liquefaction      Hex/Erth       9%         N/A       43%         4
 Confusing Touch          Hex            7%         N/A       47%         3
 Animate Armour           Summ/Erth      32%        N/A       50%         4
 Petrify                  Tmut/Erth      16%        N/A       50%         4
 Inner Flame              Hex/Fire       5%         N/A       54%         3
 Mephitic Cloud           Conj/Pois/Air  5%         N/A       54%         3
 Summon Guardian Golem    Hex/Summ       5%         N/A       54%         3
 Call Canine Familiar     Summ           4%         N/A       58%         3
 Spider Form              Tmut/Pois      4%         N/A       58%         3
 Vampiric Draining        Necr           4%         2d6       58%         3
 Gell's Gravitas          Tloc           3%         N/A       63%         3
 Teleport Other           Tloc           3%         N/A       63%         3
 Cause Fear               Hex            3%         N/A       87%         4
 Anguish                  Hex/Necr       2%         N/A       91%         4
 Dispel Undead            Necr           4%         3d7       94%         4
 Fireball                 Conj/Fire      3%         3d4       99%         5
 Freezing Cloud           Conj/Ice/Air   2%         6-21      99%         5
 Iskenderun's Battlesphe  Conj           7%         2d6       99%         5
 Metabolic Englaciation   Hex/Ice        2%         N/A       99%         5
 Summon Mana Viper        Hex/Summ       5%         N/A       99%         5
 Summon Forest            Summ/Tloc      1%         N/A       100%        5
 Conjure Ball Lightning   Conj/Air       3%         3x3d6     100%        6
 Statue Form              Tmut/Erth      10%        N/A       100%        6
 Summon Cactus Giant      Summ           2%         N/A       100%        6
 Enfeeble                 Hex            3%         N/A       100%        7
 Orb of Destruction       Conj           3%         9d5       100%        7
 Spellforged Servitor     Conj/Summ      3%         N/A       100%        7
 Lehudib's Crystal Spear  Conj/Erth      9%         10d4      100%        8


Dungeon Overview and Level Annotations

Branches:
Dungeon (11/15)            Temple (1/1) D:5            Lair (5/5) D:10
 Shoals (0/4) Lair:2       Spider (0/4) Lair:2        Slime (0/5) Lair:4
Volcano (visited)
    Orc: D:9-12

Altars:
Ashenzari
Cheibriados
Dithmenos
Elyvilon
Fedhas
Gozag
Hepliaklqana
Kikubaaqudgha
Makhleb
Nemelex Xobeh
Okawaru
Qazlal
Ru
Sif Muna
Trog
Uskayaw
Vehumet
Wu Jian
Xom
Yredelemnul
Zin
The Shining One
Jiyva

Shops:
D:4 ?   D:5 [[*

Annotations:
D:5 exclusion: downstairs
D:10 exclusion: downstairs
Lair:2 exclusion: downstairs
Lair:4 exclusion: downstairs


Innate Abilities, Weirdness & Mutations

You have razor-sharp teeth.
Your natural rate of healing is unusually fast.
When hurt, damage is shared between your health and your magic reserves.
Your bite disrupts and absorbs the magic of your enemies.
Potions cannot restore your health.


Message History

The skyshark bites you but does no damage.
The skyshark tail-slaps you. The skyshark barely misses you.
You slash the skyshark! Your bite misses the skyshark.
The skyshark is moderately wounded.
A vampire mosquito comes into view.
The skyshark bites you. The skyshark tail-slaps you.
The skyshark tail-slaps you but does no damage.
The skyshark bites you! The skyshark closely misses you.
The skyshark completely misses you.
The vampire mosquito moves out of view.
You are too injured to fight recklessly!
You are too injured to fight recklessly!
You slice the skyshark!!
You bite the skyshark, but do no damage.
The skyshark is severely wounded.
You hear an angry buzzing noise.
The skyshark bites you! The skyshark tail-slaps you!
* * * LOW HITPOINT WARNING * * *
The skyshark tail-slaps you but does no damage.
You slash the skyshark!
You bite the skyshark, but do no damage.
The skyshark is severely wounded.
The skyshark bites you!
* * * LOW HITPOINT WARNING * * *
The skyshark closely misses you.
The skyshark tail-slaps you but does no damage.
The skyshark closely misses you. The skyshark tail-slaps you!
* * * LOW HITPOINT WARNING * * *
The skyshark closely misses you.
You slice the skyshark!!
You bite the skyshark, but do no damage.
The skyshark is almost dead.
The skyshark closely misses you.
The skyshark tail-slaps you but does no damage. x2
The vampire mosquito misses you.
Aiming: Iceblast
Press: ? - help, Shift-Dir - straight line The mass of ice explodes!
You hear a roar!
The skyshark bites you!!
You die...

, ,, , ,, , ,, , , .. ..
....., * ..# #. *, .......
,, * ,...##.# *P........
..#....###........,~ ,,, *
.........#........ ,,
*,..#.....#.......#,
#........yl........#..~≈P~~
#....#....@.......##.~~~≈≈≈
#....#.....#......#~.≈~≈.≈≈
#...###..###......#.~~~~~~~
*#..########......#.~~~~~~~
##....##.##......##.P~~≈~P~
#P...............#..~≈~≈~≈~
#P...............#..†.~~≈≈~
##...............#~~~≈≈~#~≈
##.................~P≈~~#~


You could see a skyshark (berserk) and a vampire mosquito.

Vanquished Creatures
  Kirke (Lair:3)
  An ogre mage (Volcano)
  A hydra (Lair:4)
  2 boulder beetles
  7 two-headed ogres
  Urug (Lair:3)
  A hell knight (Volcano)
  Nergalle (Lair:3)
  2 skysharks
  A lindwurm (Lair:5)
  A manticore (Lair:2)
  A cyclops (D:9)
  Maurice (D:10)
  2 vault sentinels (D:7)
  2 elephants (Lair:2)
  3 black mambas
  Maggie (Lair:2)
  14 cane toads
  A rime drake (Lair:2)
  7 komodo dragons
  2 trolls
  A tyrant leech (Lair:5)
  2 polar bears
  A queen bee (Lair:2)
  14 blink frogs
  Prince Ribbit (D:9)
  Grinder (D:5)
  5 dream sheep (Lair:4)
  Sigmund (D:6)
  2 shadows (D:9)
  7 wyverns
  Eustachio (D:5)
  37 yaks
  7 hogs (Lair:3)
  2 steam dragons
  4 basilisks
  A redback (Lair:2)
  4 vampire mosquitoes
  Edmund (D:5)
  9 water moccasins
  2 orc warriors
  2 ice beasts
  2 sky beasts
  3 black bears
  7 centaurs
  2 ogres
  28 wolves
  A kobold brigand (D:6)
  20 bullfrogs
  7 scorpions
  45 killer bees
  An electric eel (Lair:5)
  2 howler monkeys (D:9)
  A lava snake (D:10)
  3 hounds
  2 jellies
  3 gnoll boudas
  2 orc priests (D:7)
  4 iguanas
  A sleepcap (D:6)
  5 orc wizards
  Natasha (twice) (D:2 D:1)
  15 gnolls
  5 adders
  A white imp (D:5)
  2 ufetubi (D:5)
  5 worms
  A dart slug (D:4)
  16 orcs
  6 ball pythons
  5 bats
  7 endoplasms
  8 goblins
  5 hobgoblins
  2 jackals (D:2)
  4 quokkas
  3 frilled lizards
  20 kobolds
  3 rats
407 creatures vanquished.

Notes
Turn   | Place    | Note
-------+----------+-------------------------------------------
     0 | D:1      | Chodeload the Vine Stalker Wanderer began the quest for the
                  | Orb.
     0 | D:1      | Chodeload set off with the following items: a +0 club, a
                  | potion of invisibility, a +0 robe, a +0 buckler; and the
                  | following spells available to memorise: Sandblast, Slow,
                  | Stone Arrow, Inner Flame, Leda's Liquefaction.
     0 | D:1      | Reached XP level 1. HP: 9/9 MP: 3/3
     2 | D:1      | Learned a level 1 spell: Sandblast
   141 | D:1      | Reached XP level 2. HP: 14/14 MP: 3/5
   579 | D:2      | Noticed Natasha
   579 | D:2      | Found a white marble altar of Elyvilon.
   586 | D:2      | Killed Natasha
   587 | D:2      | Reached skill level 1 in Fighting
   587 | D:2      | Reached XP level 3. HP: 7/18 MP: 1/6
   911 | D:1      | Gained mutation: Your natural rate of healing is unusually
                  | fast. [Vine Stalker growth]
   911 | D:1      | Reached XP level 4. HP: 20/22 MP: 8/8
   976 | D:2      | Noticed Natasha
   995 | D:1      | Killed Natasha
  1076 | D:2      | Learned a level 3 spell: Stone Arrow
  1197 | D:2      | Identified the +6 spear of Wu Jian, Dripping {freeze, Fly}
  1589 | D:2      | Reached XP level 5. HP: 26/26 MP: 9/9
  1846 | D:3      | Reached skill level 2 in Fighting
  2318 | D:4      | Found an opulent altar of Gozag.
  2319 | D:4      | Found a glowing golden altar of the Shining One.
  2373 | D:4      | Reached skill level 1 in Conjurations
  2404 | D:4      | Reached XP level 6. HP: 28/30 MP: 9/11
  2522 | D:5      | Entered Level 5 of the Dungeon
  2522 | D:5      | Noticed a black bear
  2584 | D:4      | Found Afopn's Magic Scroll Shop.
  2605 | D:4      | Bought a scroll of noise for 12 gold pieces
  2605 | D:4      | Bought a scroll of enchant armour for 90 gold pieces
  2605 | D:4      | Bought a scroll of fog for 48 gold pieces
  2701 | D:4      | Reached skill level 1 in Polearms
  2804 | D:4      | Reached skill level 3 in Fighting
  2804 | D:4      | Reached XP level 7. HP: 36/36 MP: 10/12
  2893 | D:5      | Found Biloicw's General Store.
  2961 | D:5      | Noticed Eustachio
  2998 | D:5      | Killed Eustachio
  3039 | D:5      | Reached skill level 4 in Fighting
  3078 | D:5      | Gained mutation: You have razor-sharp teeth. [Vine Stalker
                  | growth]
  3078 | D:5      | Reached XP level 8. HP: 35/42 MP: 8/13
  3123 | D:5      | Found a staircase to the Ecumenical Temple.
  3135 | Temple   | Entered the Ecumenical Temple
  3264 | Temple   | Became a worshipper of Ashenzari the Shackled
  3376 | D:5      | Noticed Grinder
  3382 | D:5      | Killed Grinder
  3383 | D:5      | Reached skill level 5 in Fighting
  3383 | D:5      | Reached skill level 5 in Shields
  3448 | D:6      | Noticed Sigmund
  3562 | D:5      | Found Nuamizu's Antique Armour Boutique.
  3609 | D:5      | Noticed Edmund
  3622 | D:5      | Killed Edmund
  3623 | D:5      | Reached skill level 6 in Fighting
  3644 | D:5      | Found Ashrith's Antique Armour Shoppe.
  3931 | D:6      | Reached XP level 9. HP: 49/49 MP: 14/14
  3972 | D:6      | Reached skill level 7 in Fighting
  4020 | D:6      | Found the +5 woodcutter's axe
  4146 | D:6      | Identified the +7 mace of Awkwardness {heavy, *Rage rC+
                  | rCorr}
  4225 | D:6      | Found a hide-covered altar of Uskayaw.
  4409 | D:7      | Reached skill level 1 in Dodging
  4616 | D:7      | Reached * piety under Ashenzari
  4707 | D:6      | Killed Sigmund
  4708 | D:6      | Reached skill level 8 in Fighting
  4986 | D:5      | Bought a jewelled ring mail for 234 gold pieces
  4986 | D:5      | Identified the +5 ring mail "Xankaim" {rPois rF+++ Str+2
                  | Dex-5} (You bought it in a shop on level 5 of the Dungeon)
  5114 | D:7      | Found a shadowy altar of Dithmenos.
  5114 | D:7      | Found a hazy altar of Hepliaklqana.
  5115 | D:7      | Found a burning altar of Makhleb.
  5160 | D:7      | Noticed a vault sentinel
  5160 | D:7      | Noticed a vault sentinel
  5197 | D:7      | Killed a vault sentinel
  5198 | D:7      | Killed a vault sentinel
  5199 | D:7      | Reached skill level 9 in Fighting
  5199 | D:7      | Reached XP level 10. HP: 14/58 MP: 2/15
  5215 | D:7      | Found the +18 shield of the Gong {Loud rN+ Will+ rCorr
                  | EV-5}
  5506 | D:8      | Noticed a boulder beetle
  5555 | D:8      | Killed a boulder beetle
  5611 | D:8      | Reached skill level 10 in Fighting
  5654 | D:8      | Found a sparkling altar of Nemelex Xobeh.
  5714 | D:8      | Reached ** piety under Ashenzari
  5975 | D:8      | Noticed a two-headed ogre
  6319 | D:9      | Found an ancient bone altar of Kikubaaqudgha.
  6530 | D:9      | Noticed Prince Ribbit
  6539 | D:9      | Killed Prince Ribbit
  6549 | D:9      | Reached skill level 11 in Fighting
  6549 | D:9      | Noticed a cyclops
  6565 | D:9      | Killed a cyclops
  6601 | D:9      | Noticed a boulder beetle
  6666 | D:9      | Killed a boulder beetle
  6667 | D:9      | Reached skill level 12 in Fighting
  6667 | D:9      | Reached XP level 11. HP: 49/66 MP: 11/16
  6952 | D:9      | Found a bloodstained altar of Trog.
  7044 | D:10     | Entered Level 10 of the Dungeon
  7234 | D:10     | Found a staircase to the Lair.
  7242 | D:10     | Noticed a two-headed ogre
  7252 | D:10     | Killed a two-headed ogre
  7261 | D:10     | Identified the +3 chain mail "Yqepn" {rN++ Int-4}
  7283 | D:10     | Noticed Maurice
  7315 | D:10     | Killed Maurice
  7323 | D:10     | Identified the cursed +0 cloak "Chained Together" {Melee,
                  | Fort} (You found it on level 9 of the Dungeon)
  7323 | D:10     | Identified the cursed +0 hat of the Wild Blue Yonder {Cun,
                  | Alch} (You found it on level 3 of the Dungeon)
  7323 | D:10     | Identified the cursed +2 pair of gloves of the Eternal
                  | Pantheism {Comp, Melee} (You found it on level 2 of the
                  | Dungeon)
  7323 | D:10     | Identified the cursed +0 pair of boots of the Unyielding
                  | Gaze {Melee, Elem} (You found it on level 3 of the Dungeon)
  7497 | D:11     | Noticed a centaur warrior
  7901 | Lair:1   | Entered Level 1 of the Lair of Beasts
  7980 | Lair:1   | Reached *** piety under Ashenzari
  8030 | Lair:2   | Reached skill level 1 in Axes
  8230 | Lair:1   | Reached skill level 5 in Axes
  8264 | Lair:1   | Identified a scroll of acquirement
  8279 | Lair:1   | Acquired a manual of Fighting
  8314 | Lair:1   | Identified the +1 leather armour of Insatiable Hunger
                  | {SInv}
  8446 | Lair:1   | Reached XP level 12. HP: 72/72 MP: 14/17
  8818 | Lair:2   | Reached skill level 13 in Fighting
  8920 | Lair:2   | Noticed Maggie
  8939 | Lair:2   | Killed Maggie
  8964 | Lair:2   | Found a staircase to the Shoals.
  9079 | Lair:2   | Found a hole to the Spider Nest.
  9251 | Lair:3   | Reached skill level 14 in Fighting
  9293 | Lair:3   | Found a dark tunnel.
  9304 | Volcano  | Entered a volcano
  9320 | Volcano  | Noticed an ogre mage
  9325 | Volcano  | Found a radiant altar of Vehumet.
  9326 | Volcano  | Noticed a hell knight
  9332 | Volcano  | Killed an ogre mage
  9352 | Volcano  | Reached skill level 17 in Fighting
  9352 | Volcano  | Reached XP level 13. HP: 84/84 MP: 18/18
  9649 | Lair:3   | Noticed Nergalle
  9964 | Lair:2   | Reached skill level 10 in Axes
 10059 | Lair:2   | Reached skill level 1 in Evocations
 10070 | Lair:2   | Reached XP level 14. HP: 50/89 MP: 14/19
 10394 | Lair:3   | Noticed Kirke
 10544 | Lair:3   | Killed Kirke
 10579 | Lair:3   | Noticed Urug
 10591 | Lair:3   | Killed Urug
 10768 | Lair:3   | Killed Nergalle
 10910 | Lair:3   | Reached **** piety under Ashenzari
 11271 | Lair:4   | Identified the +3 hand crossbow of Qial Qei {antimagic,
                  | Str+4}
 11442 | Lair:4   | Reached skill level 5 in Evocations
 11468 | Lair:4   | Found a viscous altar of Jiyva.
 11468 | Lair:4   | Found a staircase to the Slime Pits.
 11688 | Lair:5   | Entered Level 5 of the Lair of Beasts
 12363 | Lair:5   | Reached skill level 5 in Armour
 12384 | Lair:5   | Reached skill level 5 in Dodging
 12392 | Lair:5   | Mangled by a skyshark

Illustrated notes

Levels and vault maps discovered:
D:1:      mushboom_english_gardens, layout_basic, hangedman_decor_growths
D:2:      layout_basic, basic_altar, serial_bayou_crossing, uniq_natasha
D:3:      layout_basic
D:4:      layout_gridville, grunt_temple_overflow_open, serial_shops,
          shop_scrolls
D:5:      layout_basic, minmay_temple_entry_statues_pillars, serial_shops, shop,
          shop, shop, hangedman_decor_slide_cut, uniq_edmund, uniq_grinder,
          uniq_eustachio
D:6:      layout_cave_pools, nicolae_uskayaw_murder_on_the_dancefloor,
          uniq_sigmund
D:7:      layout_cave_pools, gammafunk_temple_overflow_claw,
          hellmonk_guarded_unrand_gong
D:8:      layout_loops_ring, mainiacjoe_overflow_alcove_2
D:9:      layout_basic, mainiacjoe_overflow_surrounded_room,
          minmay_ruined_shrine, uniq_prince_ribbit1
D:10:     nicolae_moon_pools, layout_basic, nicolae_lava_and_water, uniq_maurice
D:11:     minmay_the_grid_triangle_9x9_rhombus_full_mashed
          [minmay_the_grid_triangle_9x9_thin_v,
          minmay_the_grid_triangle_9x9_sprig,
          minmay_the_grid_triangle_9x9_steps,
          minmay_the_grid_triangle_9x9_wacky_v,
          minmay_the_grid_triangle_9x9_minimal,
          minmay_the_grid_triangle_9x9_negative_grid,
          minmay_the_grid_triangle_9x9_corruption,
          minmay_the_grid_triangle_9x9_prize_schism], layout_loops_ring,
          kennysheep_orc_monster_closet_entryway, ebering_ghost_gozag
Temple:   nicolae_temple_superstar
Lair:1:   layout_misc_corridors
Lair:2:   regret_index_bee_streams, layout_regular_city,
          minmay_shoals_entry_centaurs, spider_nest_entry_webs,
          grunt_megastairs_4, infiniplex_staircase_pool, lemuel_fruit_fields,
          uniq_maggie
Lair:3:   layout_gridlike, lightli_volcano_entry_magma_tube, uniq_urug,
          uniq_nergalle, uniq_kirke
Lair:4:   layout_regular_city, nicolae_slime_entry_slimehenge,
          grunt_megastairs_3
Lair:5:   minmay_lair_end_frog_pond, layout_regular_city, lemuel_fruit_fields,
          infiniplex_staircase_pool_2

Skill      XL: |  1  2  3  4  5  6  7  8  9 10 11 12 13 14 |
---------------+-------------------------------------------+-----
Shields        | 2 3 4 5 |  5.0
Fighting       | 1 2 3 4 6 9 12 17 | 17.1
Spellcasting   | 2 |  2.6
Conjurations   | 1 |  1.2
Polearms       | 1 3 4 |  4.0
Dodging        | 4 5 |  5.0
Armour         | 4 5 |  5.0
Axes           | 5 7 10 12 | 12.8
Evocations     | 1 5 |  5.0
Hexes          | |  1.0
Earth Magic    | |  5.6

Action                     |  1- 3 |  4- 6 |  7- 9 | 10-12 | 13-15 || total
---------------------------+-------+-------+-------+-------+-------++-------
  Melee: Club              |    13 |       |       |       |       ||    13
         Dagger            |    28 |    90 |     4 |       |       ||   122
         Bite              |     8 |    35 |    49 |   134 |   146 ||   372
         Spear             |       |    60 |   113 |       |     7 ||   180
         Battleaxe         |       |       |    93 |   478 |   473 ||  1044
  Throw: Dart              |     2 |    11 |    18 |    17 |    10 ||    58
         Javelin           |       |       |       |       |     4 ||     4
   Cast: Sandblast         |    19 |       |    20 |       |       ||    39
 Invoke: Curse Item        |       |       |     2 |     3 |     1 ||     6
  Evoke: Wand              |       |       |     4 |     5 |     1 ||    10
    Use: Scroll            |       |     3 |     1 |     1 |       ||     5
         Potion            |       |       |       |     1 |       ||     1
   Stab: Sleeping          |       |     3 |       |       |       ||     3
         Invisible         |       |       |     1 |       |       ||     1
 Armour: Robe              |     7 |    45 |    61 |       |       ||   113
         Ring mail         |       |       |     8 |   289 |   309 ||   606
         Skin              |       |       |       |     8 |       ||     8
  Dodge: Dodged            |    28 |    63 |   117 |   356 |   387 ||   951
  Block: Buckler           |     7 |    22 |    37 |       |       ||    66
